 Dungeon Crawl Stone Soup version 0.29-a0-330-g52719c12eb (webtiles) character file.

Game seed: 10252888442560349226

7109 Crownlay the Frost Mage (level 11, 0/62 (81) HPs)
             Began as a Gnoll Ice Elementalist on Apr 30, 2022.
             Was an Elder of Qazlal.
             Slain by a two-headed ogre
             ... wielding a +0 giant club
              (21 damage)
             ... on level 10 of the Dungeon.
             The game lasted 00:24:47 (12162 turns).

Crownlay the Frost Mage (Gnoll Ice Elementalist)   Turns: 12162, Time: 00:24:48

HP:   0/62 (81)     AC: 17    Str:  8    XL:     11   Next: 10%
MP:   15/31         EV: 15    Int: 19    God:    Qazlal [****..]
Gold: 212           SH:  5    Dex: 12    Spells: 14/25 levels left

rFire   x . .      SeeInvis .   N - +1 scimitar (flame)
rCold   + . .      Faith    .   (no shield)
rNeg    . . .      Spirit   .   a - +0 robe
rPois   .          Reflect  .   q - +2 helmet
rElec   .          Harm     .   h - +0 cloak
rCorr   .          Rampage  .   (no gloves)
Will    .....                   (no boots)
Stlth   ++........              (no amulet)
HPRegen 0.20/turn               y - ring of magical power
MPRegen 0.22/turn               m - ring of ice

@: ice-armoured, freezing walls, heavily drained, repel missiles
A: fangs 1, strong nose, distributed training
a: Renounce Religion, Upheaval, Elemental Force


You were on level 10 of the Dungeon.
You worshipped Qazlal.
Qazlal was greatly pleased with you.
You visited 1 branch of the dungeon, and saw 10 of its levels.
You also visited: Ossuary.

You collected 485 gold pieces.
You spent 273 gold pieces at shops.

Inventory:

Hand Weapons
 D - the +1 hunting sling of Abuse {freeze, Drain Int+4}
   (You found it on level 4 of the Dungeon)

   Any ammunition fired from it freezes those it strikes, dealing additional
   cold damage.
   It can also slow down cold-blooded creatures.
   Int:       It affects your intelligence (+4).
   Drain:     It drains your maximum health when unequipped.
 N - a +1 scimitar of flaming (weapon)
Missiles
 G - 4 throwing nets
Armour
 a - a +0 robe (worn)
 h - a +0 cloak (worn)
 q - a +2 helmet (worn)
 E - a scarf of repulsion
Magical Staves
 v - a staff of earth
Jewellery
 d - a ring of protection from fire
 j - a +4 ring of protection
 l - a +6 ring of dexterity
 m - a ring of ice (right hand)
 t - a ring of poison resistance
 y - a ring of magical power (left hand)
 B - a ring of positive energy
 C - a +6 ring of intelligence
 K - a ring of magical power
 P - a ring of protection from cold
 R - a ring of willpower
Wands
 H - a wand of iceblast (2)
 O - a wand of acid (4)
 Q - a wand of polymorph (10)
 T - a wand of digging (4)
Scrolls
 c - 2 scrolls of teleportation
 n - 2 scrolls of vulnerability
 p - 2 scrolls of blinking
 r - a scroll of immolation {unknown}
 u - 2 scrolls of enchant armour
 w - 3 scrolls of silence
 A - a scroll of torment {unknown}
 F - a scroll of holy word {unknown}
 I - a scroll of fear {unknown}
 S - 2 scrolls of noise {unknown}
Potions
 b - a potion of magic
 e - 3 potions of ambrosia
 f - 2 potions of berserk rage
 g - 5 potions of curing
 i - 5 potions of mutation
 k - 4 potions of attraction
 o - 5 potions of might
 s - a potion of resistance {unknown}
 x - 3 potions of haste
 z - 2 potions of invisibility {unknown}
 J - a potion of flight {unknown}
 L - a potion of brilliance {unknown}
 M - 3 potions of cancellation


   Skills:
 + Level 6.0 Fighting
 + Level 6.0 Short Blades
 + Level 6.0 Long Blades
 + Level 6.0 Axes
 + Level 6.0 Maces & Flails
 + Level 6.0 Polearms
 + Level 6.0 Staves
 + Level 6.0 Slings
 + Level 6.0 Bows
 + Level 6.0 Crossbows
 + Level 6.0 Throwing
 + Level 6.0 Armour
 + Level 7.6 Dodging
 + Level 7.3 Stealth
 + Level 6.0 Shields
 + Level 6.0 Unarmed Combat
 + Level 7.9 Spellcasting
 + Level 4.9 Conjurations
 + Level 4.9 Hexes
 + Level 4.9 Summonings
 + Level 4.9 Necromancy
 + Level 4.9 Translocations
 + Level 4.9 Transmutations
 + Level 4.9 Fire Magic
 + Level 8.7 Ice Magic
 + Level 4.9 Air Magic
 + Level 4.9 Earth Magic
 + Level 4.9 Poison Magic
 + Level 6.5 Invocations
 + Level 6.0 Evocations


You had 14 spell levels left.
You knew the following spells:

 Your Spells              Type           Power      Damage    Failure   Level
a - Freeze                Ice            100%       1d11      1%          1
b - Frozen Ramparts       Ice            100%       1d12      1%          3
c - Ozocubu's Armour      Ice            57%        N/A       1%          3
d - Summon Ice Beast      Ice/Summ       50%        N/A       5%          4

Your spell library contained the following spells:

 Spells                   Type           Power      Damage    Failure   Level
 Apportation              Tloc           52%        N/A       1%          1
 Beastly Appendage        Tmut           52%        N/A       1%          1
 Foxfire                  Conj/Fire      100%       2x1d9     1%          1
 Wereblood                Tmut           26%        N/A       1%          2
 Conjure Flame            Conj/Fire      26%        6-21      3%          3
 Inner Flame              Hex/Fire       26%        N/A       3%          3
 Spider Form              Tmut/Pois      26%        N/A       3%          3
 Hailstorm                Conj/Ice       50%        3d11      5%          4
 Ice Form                 Ice/Tmut       50%        N/A       5%          4
 Flame Wave               Conj/Fire      26%        2d7       12%         4
 Alistair's Intoxication  Tmut/Pois      17%        N/A       32%         5


Dungeon Overview and Level Annotations

Branches:
Dungeon (10/15)            Temple (0/1) D:4            Lair (0/6) D:9
Ossuary (visited)
    Orc: D:9-12

Altars:
Fedhas
Gozag
Hepliaklqana
Makhleb
Nemelex Xobeh
Okawaru
Qazlal
Sif Muna
Trog
Uskayaw
Wu Jian
Zin
The Shining One

Shops:
D:6 *   D:7 !

Annotations:
D:9 2 transporters, marpa's ghost, novice GrFi


Innate Abilities, Weirdness & Mutations

You have very sharp teeth.
Your uncanny sense of smell can sniff out nearby items.
Your experience applies equally to all skills.


Message History

The wight barely misses you.
The wall freezes the two-headed ogre.
You block the two-headed ogre's attack.
The two-headed ogre hits you with a +0 giant club!
You are too injured to fight recklessly!
You are too injured to fight recklessly!
You are too injured to fight recklessly!
Really unwield
D - the +1 hunting sling of Abuse {freeze, Drain Int+4}?
You feel drained.
The +1 hunting sling of Abuse {freeze, Drain Int+4} stops glowing.
Your +1 scimitar of flaming bursts into flame!
N - a +1 scimitar of flaming (weapon)
The ogre zombie resists.
The wall freezes the ogre zombie.
You block the ogre zombie's attack.
You hit the two-headed ogre. You burn the two-headed ogre.
The two-headed ogre is heavily wounded.
The wight completely resists.
The wall freezes the wight but does no damage.
The wight hits you with a +3 hand axe.
Your ice beast hits the ogre zombie.
Your ice beast freezes the ogre zombie.
The ogre zombie resists.
The wall freezes the two-headed ogre!
The two-headed ogre hits you with a +0 giant club.
The two-headed ogre hits you but does no damage.
You completely miss the two-headed ogre.
You bite the two-headed ogre, but do no damage.
The two-headed ogre is severely wounded.
The wight completely resists.
The wall freezes the wight but does no damage.
The wight hits you with a +3 hand axe!
You feel drained.
Your ice beast is struck by lightning.
Your ice beast hits the ogre zombie.
Your ice beast freezes the ogre zombie.
The ogre zombie resists. x2; The wall freezes the ogre zombie.
The ogre zombie hits you but does no damage.
You hit the two-headed ogre. You burn the two-headed ogre.
You bite the two-headed ogre, but do no damage.
The two-headed ogre is severely wounded.
The wight completely resists.
The wall freezes the wight but does no damage.
The wight barely misses you.
The wall freezes the two-headed ogre!
The two-headed ogre hits you with a +0 giant club!!
You die...

########+
#...≈./.# ∆
#._.≈._.#
##...≈...#
##'########
#.<....#
###......#
#.O......+
#@#......#
#zZ........
+....Y........
#####......###
#......#
#......#
#........
#.#......
Z#.P.P.


You could see a two-headed ogre, a wight, an ogre zombie (ally target) and a
friendly ice beast (summoned).

Vanquished Creatures
  Erica (D:8)
  A troll (D:9)
  5 yaks (D:8)
  2 wyverns (D:9)
  Eustachio (D:4)
  A wraith (D:9)
  2 steam dragons (D:7)
  3 vampire mosquitoes (D:8)
  A water moccasin (D:5)
  2 sky beasts (D:7)
  2 black bears
  An ice beast (D:6)
  5 centaurs
  A phantom (D:4)
  3 kobold brigands
  3 bullfrogs
  A gnoll sergeant (D:8)
  3 water moccasin zombies (Ossuary)
  5 wights
  6 jellies
  An orc priest (D:4)
  A gnoll shaman (D:6)
  13 hounds
  2 orc wizards (D:4)
  2 mummies (Ossuary)
  9 adders
  14 gnolls
  3 white imps
  An ufetubus (D:4)
  10 adder zombies (Ossuary)
  A worm (D:2)
  4 dart slugs
  2 orcs
  3 ball pythons
  6 bats
  9 endoplasms
  2 giant cockroaches (D:1)
  A gnoll zombie (Ossuary)
  7 goblins
  14 hobgoblins
  2 jackals (D:3)
  6 quokkas
  5 frilled lizards
  2 hobgoblin zombies (Ossuary)
  26 kobolds
  8 kobold zombies (Ossuary)
  5 orc zombies
  6 rats
214 creatures vanquished.

Vanquished Creatures (collateral kills)
  A two-headed ogre (D:9)
  A cyclops (D:8)
  Psyche (D:8)
  2 wights (D:7)
  A gnoll (D:6)
6 creatures vanquished.

Vanquished Creatures (others)
  An orc wizard (D:4)
1 creature vanquished.

Grand Total: 221 creatures vanquished

Notes
Turn   | Place    | Note
-------+----------+-------------------------------------------
     0 | D:1      | Crownlay the Gnoll Ice Elementalist began the quest for the
                  | Orb.
     0 | D:1      | Reached XP level 1. HP: 13/13 MP: 6/6
   215 | D:1      | Found a faded altar of an unknown god.
   217 | D:1      | Reached XP level 2. HP: 19/19 MP: 4/7
   966 | D:2      | Reached XP level 3. HP: 19/25 MP: 3/9
   970 | D:2      | Learned a level 3 spell: Frozen Ramparts
   974 | D:2      | Learned a level 3 spell: Ozocubu's Armour
  1024 | D:2      | Reached skill level 5 in Spellcasting
  1642 | D:2      | Reached skill level 1 in Invocations
  2330 | D:3      | Found a stormy altar of Qazlal.
  2336 | D:3      | Reached skill level 1 in Fighting
  2336 | D:3      | Reached skill level 1 in Short Blades
  2336 | D:3      | Reached skill level 1 in Long Blades
  2336 | D:3      | Reached skill level 1 in Axes
  2336 | D:3      | Reached skill level 1 in Maces & Flails
  2336 | D:3      | Reached skill level 1 in Polearms
  2336 | D:3      | Reached skill level 1 in Staves
  2336 | D:3      | Reached skill level 1 in Slings
  2336 | D:3      | Reached skill level 1 in Bows
  2336 | D:3      | Reached skill level 1 in Crossbows
  2336 | D:3      | Reached skill level 1 in Throwing
  2336 | D:3      | Reached skill level 1 in Armour
  2336 | D:3      | Reached skill level 1 in Shields
  2336 | D:3      | Reached skill level 1 in Unarmed Combat
  2336 | D:3      | Reached skill level 1 in Evocations
  2413 | D:3      | Reached XP level 4. HP: 32/32 MP: 9/11
  2456 | D:3      | Became a worshipper of Qazlal Stormbringer
  3020 | D:3      | Reached skill level 1 in Conjurations
  3020 | D:3      | Reached skill level 1 in Hexes
  3020 | D:3      | Reached skill level 1 in Summonings
  3020 | D:3      | Reached skill level 1 in Necromancy
  3020 | D:3      | Reached skill level 1 in Translocations
  3020 | D:3      | Reached skill level 1 in Transmutations
  3020 | D:3      | Reached skill level 1 in Fire Magic
  3020 | D:3      | Reached skill level 1 in Air Magic
  3020 | D:3      | Reached skill level 1 in Earth Magic
  3020 | D:3      | Reached skill level 1 in Poison Magic
  3150 | D:3      | Reached * piety under Qazlal
  3456 | D:4      | Reached XP level 5. HP: 12/37 MP: 8/12
  3467 | D:4      | Found a sand-covered staircase.
  3478 | Ossuary  | Entered an ossuary
  3769 | Ossuary  | Reached XP level 6. HP: 44/44 MP: 8/13
  3886 | Ossuary  | Reached skill level 5 in Dodging
  4149 | Ossuary  | Reached ** piety under Qazlal
  4528 | D:4      | Reached XP level 7. HP: 27/50 MP: 15/15
  4841 | D:4      | Noticed Eustachio
  4861 | D:4      | Killed Eustachio
  4885 | D:4      | Reached skill level 5 in Stealth
  5094 | D:4      | Found a burning altar of Makhleb.
  5237 | D:4      | Found a staircase to the Ecumenical Temple.
  5268 | D:4      | Identified the +1 hunting sling of Abuse {freeze, Drain
                  | Int+4}
  5414 | D:4      | Found an opulent altar of Gozag.
  5414 | D:4      | Found a sparkling altar of Nemelex Xobeh.
  5550 | D:5      | Entered Level 5 of the Dungeon
  5550 | D:5      | Found a blossoming altar of Fedhas.
  5559 | D:5      | Reached XP level 8. HP: 52/57 MP: 16/16
  6020 | D:5      | Found an ornate altar of the Wu Jian Council.
  6179 | D:5      | Found a hide-covered altar of Uskayaw.
  6540 | D:6      | Learned a level 4 spell: Summon Ice Beast
  6723 | D:6      | Found a hazy altar of Hepliaklqana.
  6975 | D:6      | Found Daacsin's Neck Hole.
  7557 | D:6      | Found a shimmering blue altar of Sif Muna.
  7742 | D:7      | Reached XP level 9. HP: 53/65 MP: 18/18
  8341 | D:7      | Found Irink's Distillery.
  8346 | D:7      | Bought a potion of ambrosia for 104 gold pieces
  8346 | D:7      | Bought a potion of cancellation for 104 gold pieces
  8346 | D:7      | Bought a potion of heal wounds for 65 gold pieces
  8353 | D:7      | Reached *** piety under Qazlal
  8401 | D:7      | Reached skill level 8 in Ice Magic
  9403 | D:8      | Noticed Erica
  9412 | D:8      | HP: 2/66 [Erica/+1 scimitar of flaming (6)]
  9413 | D:8      | Killed Erica
  9414 | D:8      | Reached skill level 5 in Invocations
  9414 | D:8      | Reached XP level 10. HP: 17/73 MP: 20/20
  9708 | D:8      | Noticed a cyclops
  9718 | D:8      | Killed a cyclops
  9719 | D:8      | Reached skill level 5 in Fighting
  9719 | D:8      | Reached skill level 5 in Short Blades
  9719 | D:8      | Reached skill level 5 in Long Blades
  9719 | D:8      | Reached skill level 5 in Axes
  9719 | D:8      | Reached skill level 5 in Maces & Flails
  9719 | D:8      | Reached skill level 5 in Polearms
  9719 | D:8      | Reached skill level 5 in Staves
  9719 | D:8      | Reached skill level 5 in Slings
  9719 | D:8      | Reached skill level 5 in Bows
  9719 | D:8      | Reached skill level 5 in Crossbows
  9719 | D:8      | Reached skill level 5 in Throwing
  9719 | D:8      | Reached skill level 5 in Armour
  9719 | D:8      | Reached skill level 5 in Shields
  9719 | D:8      | Reached skill level 5 in Unarmed Combat
  9719 | D:8      | Reached skill level 5 in Evocations
  9880 | D:8      | Noticed Psyche
  9883 | D:8      | Killed Psyche
  9950 | D:8      | Found a bloodstained altar of Trog.
 10994 | D:9      | Found a transporter.
 10996 | D:9      | Found a transporter.
 10996 | D:9      | Noticed marpa's ghost (novice GrFi)
 11002 | D:9      | Noticed a manticore
 11039 | D:9      | Noticed a four-headed hydra
 11039 | D:9      | Noticed a skeletal warrior
 11043 | D:9      | Noticed a two-headed ogre
 11211 | D:9      | Reached **** piety under Qazlal
 11391 | D:9      | Found a staircase to the Lair.
 11474 | D:9      | Noticed a two-headed ogre
 11484 | D:9      | Killed a two-headed ogre
 11485 | D:9      | Reached XP level 11. HP: 70/81 MP: 19/22
 11888 | D:9      | Found an iron altar of Okawaru.
 12131 | D:10     | Entered Level 10 of the Dungeon
 12132 | D:10     | Found a glowing golden altar of the Shining One.
 12133 | D:10     | Found a glowing silver altar of Zin.
 12141 | D:10     | Noticed a two-headed ogre
 12162 | D:10     | Slain by a two-headed ogre

Illustrated notes

Levels and vault maps discovered:
D:1:      scummos_arrival_simple_fountains, layout_basic,
          chequers_ecumenical_altar_simple_redux, kennysheep_another_room
D:2:      layout_basic
D:3:      minmay_diamond_boxcup, layout_basic, nicolae_qazlal_scattered_showers,
          serial_rivers, chequers_serial_rivers_small_3,
          chequers_serial_rivers_micro_e, chequers_serial_rivers_micro_e,
          chequers_serial_rivers_room_a, chequers_serial_rivers_small_3,
          st_stairs_1, kennysheep_path_1
D:4:      layout_basic, grunt_temple_overflow_opulence, lemuel_round_altar,
          minmay_temple_entry_butterflies, nicolae_ossuary_entry_monument,
          uniq_eustachio
D:5:      layout_rooms, nicolae_uskayaw_dance_hall, fedhas_altar_3,
          mainiacjoe_overflow_tiny_flanked
D:6:      minmay_klotski, layout_loops_ring, nicolae_sif_muna_little_library,
          nicolae_hepliaklqana_hazy_memory, nicolae_shop_sticking_my_neck_out
D:7:      layout_loops_cross, serial_shops, nicolae_shop_hallway_plus,
          kennysheep_generic_room_9
D:8:      layout_loops_ring, trog_hazing_becter, uniq_erica, uniq_psyche
D:9:      layout_cave_pods, lemuel_round_altar, erik_lair_island,
          gammafunk_ghost_arena
D:10:     layout_basic, yredelemnul_altar_generic,
          nicolae_overflow_crystal_walls, mainiacjoe_overflow_divided_tiny,
          nicolae_ru_awakened_eye, zombieorc2_lemuel,
          hangedman_decor_clover_reticule, nicolae_shop_overcharged_wands

Skill      XL: |  1  2  3  4  5  6  7  8  9 10 11 |
---------------+----------------------------------+-----
Spellcasting   | 5 6 7 |  7.9
Invocations    | 1 2 3 4 5 6 |  6.5
Fighting       | 1 2 3 4 5 6 |  6.0
Short Blades   | 1 2 3 4 5 6 |  6.0
Long Blades    | 1 2 3 4 5 6 |  6.0
Axes           | 1 2 3 4 5 6 |  6.0
Maces & Flails | 1 2 3 4 5 6 |  6.0
Polearms       | 1 2 3 4 5 6 |  6.0
Staves         | 1 2 3 4 5 6 |  6.0
Slings         | 1 2 3 4 5 6 |  6.0
Bows           | 1 2 3 4 5 6 |  6.0
Crossbows      | 1 2 3 4 5 6 |  6.0
Throwing       | 1 2 3 4 5 6 |  6.0
Armour         | 1 2 3 4 5 6 |  6.0
Shields        | 1 2 3 4 5 6 |  6.0
Unarmed Combat | 1 2 3 4 5 6 |  6.0
Evocations     | 1 2 3 4 5 6 |  6.0
Conjurations   | 1 2 3 4 |  4.9
Hexes          | 1 2 3 4 |  4.9
Summonings     | 1 2 3 4 |  4.9
Necromancy     | 1 2 3 4 |  4.9
Translocations | 1 2 3 4 |  4.9
Transmutations | 1 2 3 4 |  4.9
Fire Magic     | 1 2 3 4 |  4.9
Air Magic      | 1 2 3 4 |  4.9
Earth Magic    | 1 2 3 4 |  4.9
Poison Magic   | 1 2 3 4 |  4.9
Dodging        | 5 6 7 |  7.6
Stealth        | 5 6 7 |  7.3
Ice Magic      | 8 |  8.7

Action                   |  1- 3 |  4- 6 |  7- 9 | 10-12 || total
-------------------------+-------+-------+-------+-------++-------
Melee: Unarmed           |     6 |       |       |       ||     6
       Bite              |     2 |    20 |    16 |     2 ||    40
       Short sword       |     9 |   221 |   162 |       ||   392
       Punch             |       |     6 |     6 |       ||    12
       Scimitar          |       |       |       |     3 ||     3
 Fire: Hunting sling     |       |       |    88 |   133 ||   221
 Cast: Freeze            |    46 |     1 |     4 |     4 ||    55
       Frozen Ramparts   |     3 |    16 |    29 |    17 ||    65
       Ozocubu's Armour  |     2 |     5 |    14 |    13 ||    34
       Summon Ice Beast  |       |       |     6 |     5 ||    11
  Use: Scroll            |     3 |     3 |     5 |     3 ||    14
       Potion            |       |       |     1 |       ||     1
 Stab: Sleeping          |       |     9 |       |       ||     9
Armor: Robe              |     7 |    58 |    82 |    33 ||   180
Dodge: Dodged            |    34 |   121 |   161 |    58 ||   374
Block: Other             |       |    14 |    31 |    18 ||    63

Table legend: (Time is in decaauts)
 A = Elapsed time spent in this place.
 B = Non-inter-level travel time spent in this place.
 C = Inter-level travel time spent in this place.
 D = Time resting spent in this place.
 E = Time spent auto-exploring this place.
 F = Levels seen in this place.
 G = Mean time per level.
                   A        B        C        D        E       F      G
               +--------+--------+--------+--------+--------+-----+--------+
         Total |  12241 |  11833 |    408 |      0 |  10203 |  11 | 1112.8 |
       Dungeon |  11250 |  10842 |    408 |      0 |   9364 |  10 | 1125.0 |
       Ossuary |    990 |    990 |      0 |      0 |    839 |   1 |  990.0 |
               +--------+--------+--------+--------+--------+-----+--------+

Top non-repeatable levels by time:
     D:8: 1687 daAuts
     D:9: 1439 daAuts
     D:6: 1389 daAuts
     D:2: 1348 daAuts
     D:7: 1331 daAuts
     D:3: 1142 daAuts
     D:4: 1138 daAuts
 Ossuary: 990 daAuts
     D:1: 938 daAuts
     D:5: 802 daAuts
    D:10: 32 daAuts
